 Dungeon Crawl Stone Soup version 0.31-a0-210-gccc998df9b (webtiles) character file.

Game seed: 988276216469476476

8264 qw the Cleaver (level 11, -1/71 HPs)
             Began as a Gargoyle Fighter on June 30, 2023.
             Was a Priest of Okawaru.
             Slain by a vampire (5 damage)
             ... on level 11 of the Dungeon.
             The game lasted 00:04:19 (9876 turns).

qw the Cleaver (Gargoyle Fighter)                   Turns: 9876, Time: 00:04:19

Health: -1/71      AC: 32    Str: 24    XL:     11   Next: 28%
Magic:  14/14      EV:  9    Int:  9    God:    Okawaru [***...]
Gold:   409        SH:  6    Dex:  9    Spells: 10/10 levels left

rFire   . . .        Y - +4 war axe
rCold   + . .        c - +0 buckler
rNeg    + . .        w - +1 plate armour {rC+}
rPois   inf          l - +0 helmet
rElec   +            (no cloak)
rCorr   .            (no gloves)
SInv    .            p - +0 pair of boots
Will    .....        (no amulet) Stlth
                     j - +4 ring of slaying {mikee}
HPRegen 0.31/turn    k - +4 ring of protection
MPRegen 0.14/turn

%: no passive effects
@: heroic
A: sickness immunity, AC +8, negative energy resistance 1, electricity
resistance, torment resistance 1, petrification resistance
a: Renounce Religion, Heroism


You were on level 11 of the Dungeon.
You worshipped Okawaru.
Okawaru was most pleased with you.
You visited 2 branches of the dungeon, and saw 12 of its levels.

You collected 603 gold pieces.
You spent 194 gold pieces at shops.


Innate Abilities, Weirdness & Mutations

You are immune to sickness and miasma.
Your stone body is resilient. (AC +8)
You are immune to poison.
You resist negative energy. (rN+)
You are resistant to electric shocks. (rElec)
You are resistant to unholy torment.
You are immune to petrification.


   Skills:
 - Level 9.0(14.0) Fighting
 + Level 11.6(16.6) Axes
 - Level 1.8(6.8) Throwing
 - Level 8.1(13.1) Armour
 - Level 1.3(6.3) Dodging
 - Level 5.1(10.1) Shields
 - Level 4.0 Invocations


You had 10 spell levels left.
You didn't know any spells.
Your spell library was empty.

Inventory:

Hand Weapons
 q - a +0 flail
 Y - a +4 war axe (weapon)
Missiles
 g - 8 boomerangs (quivered)
Armour
 c - a +0 buckler (worn)
 l - a +0 helmet (worn)
 p - a +0 pair of boots (worn)
 w - a +1 plate armour of cold resistance (worn)
Jewellery
 i - a ring of protection from cold
 j - a +4 ring of slaying (left hand) {mikee}
 k - a +4 ring of protection (right hand)
 t - a ring of fire
Scrolls
 a - a scroll of identify
Potions
 b - a potion of enlightenment
 d - 5 potions of might
 e - 3 potions of cancellation
 f - a potion of lignification
 h - 5 potions of curing
 m - a potion of magic
 n - 4 potions of haste
 s - 2 potions of attraction
 v - a potion of degeneration {unknown}

Dungeon Overview and Level Annotations

Branches:
Dungeon (11/15)            Temple (1/1) D:7
   Lair: D:8-11         Orc: D:9-12

Altars:
Ashenzari
Cheibriados
Dithmenos
Elyvilon
Fedhas
Gozag
Hepliaklqana
Kikubaaqudgha
Makhleb
Nemelex Xobeh
Okawaru
Qazlal
Ru
Sif Muna
Trog
Uskayaw
Vehumet
Wu Jian
Xom
Yredelemnul
Zin
The Shining One

Shops:
D:1 *   D:3 !   D:5 *

Annotations:
D:2 1 runed translucent door, Crazy Yiuf
D:7 1 runed translucent door
D:11 Amaemon, Lodul


Message History

The komodo dragon bites you but does no damage.
You slash the komodo dragon!
You kill the komodo dragon!
Okawaru is honoured by your kill.
You barely miss the komodo dragon. You closely miss the orc wizard.
You miss something.
Amaemon casts a spell at the scorpion.
The scorpion seems to grow toxic.
The orc wizard hits you but does no damage.
Something hits you but does no damage. Something bites you but does no damage.
You slash the komodo dragon!
The komodo dragon is heavily wounded.
You closely miss the orc wizard. You miss something. You hit Lodul.
The komodo dragon bites you. Something hits you but does no damage.
Something bites you but does no damage. The orc wizard casts a spell at you.
The magic dart hits you but does no damage.
Lodul hits you but does no damage.
You slice the komodo dragon!!
You kill the komodo dragon!
Okawaru is honoured by your kill.
Okawaru will now gift you throwing weapons as you gain piety.
You slash Lodul! You barely miss the scorpion. You miss the orc wizard.
You hit something. The scorpion misses you.
You slice Lodul!!
Lodul is severely wounded.
You hit the orc wizard. You slash something! You closely miss the scorpion.
The orc wizard gestures at you while chanting.
You easily resist.
Something hits you but does no damage. Something bites you but does no damage.
Amaemon mumbles some strange words.
The scorpion barely misses you.
Lodul hits you with a +4 dire flail of protection!
You hit Lodul.
Lodul is severely wounded.
You hit the scorpion. You barely miss the orc wizard. You miss something.
The orc wizard hits you but does no damage.
Something hits you but does no damage. Something bites you.
You die...

...........#
...#.......#
P....##......#
.... ##....###
...###....##
.........##
.........#
P.....s{.#
...6.s)@)#
......oO##
P....s...
..........
...........
...........#
............
............#


You could see Amaemon, Lodul, 3 scorpions and an orc wizard.

Vanquished Creatures
  A cyclops (D:7)
  2 gargoyles (D:10)
  An unseen horror (D:11)
  3 komodo dragons
  4 trolls
  A hornet (D:6)
  A wraith (D:7)
  3 yaks (D:10)
  2 wyverns
  3 water moccasins
  2 orc warriors
  2 black bears
  10 ogres
  2 centaurs
  3 bullfrogs
  2 kobold brigands
  6 scorpions
  A gnoll sergeant (D:8)
  13 wights
  8 crimson imps (D:7)
  4 hounds
  A jelly (D:6)
  3 orc priests
  A gnoll bouda (D:7)
  4 sleepcaps
  Jessica (D:2)
  3 iguanas
  4 orc wizards
  Robin (D:4)
  13 gnolls
  14 adders
  2 shadow imps
  3 white imps (D:7)
  3 worms
  4 dart slugs
  21 orcs
  10 bats
  10 endoplasms
  3 giant cockroaches
  13 goblins
  5 hobgoblins
  5 jackals (D:3)
  A quokka (D:5)
  6 ball pythons
  4 frilled lizards
  A goblin skeleton (D:7)
  A jackal skeleton (D:7)
  12 kobolds
  4 rats (D:1)
227 creatures vanquished.

Notes
Turn   | Place    | Note
-------+----------+-------------------------------------------
     0 | D:1      | qw the Gargoyle Fighter began the quest for the Orb.
     0 | D:1      | Reached XP level 1. HP: 14/14 MP: 1/1
     0 | D:1      | 0 ||| qw: Version: 0.3-a-26-gee661ec
     0 | D:1      | 0 ||| qw: Game counter: 7183
     0 | D:1      | 0 ||| qw: Melee chars always use a shield: true
     0 | D:1      | 0 ||| qw: God list: Okawaru
     0 | D:1      | 0 ||| qw: Allow faded altars: false
     0 | D:1      | 0 ||| qw: Do Orc after clearing Dungeon:15 true
     0 | D:1      | 0 ||| qw: Do second Lair branch before Depths: true
     0 | D:1      | 0 ||| qw: Lair rune preference: random
     0 | D:1      | 0 ||| qw: Goals: Normal, Zot:1-4, Slime:5, God:TSO, Crypt,
                  | Tomb, Abyss, Pan, Hells, Win
     0 | D:1      | 0 ||| PLANNING D:1-11
    24 | D:1      | Reached skill level 2 in Axes
    24 | D:1      | HP: 3/14 [rat (2)]
   112 | D:1      | Found Tiruekh's Assorted Antiques.
   135 | D:1      | Reached XP level 2. HP: 19/19 MP: 2/2
   162 | D:1      | 162 ||| SHOPLISTING glowing glass wand (92 gold, have 33).
   162 | D:1      | 162 ||| SHOPLISTING notched garnet ring (115 gold, have
                  | 33).
   162 | D:1      | 162 ||| BUYING scroll labelled WUEG XEGECRINK (23 gold).
   162 | D:1      | Bought a scroll labelled WUEG XEGECRINK for 23 gold pieces
   446 | D:1      | Found a faded altar of an unknown god.
   502 | D:1      | HP: 4/19 [hobgoblin (3)]
   629 | D:1      | Reached skill level 3 in Axes
   743 | D:1      | 743 ||| DROPPING orb of guile.
   744 | D:1      | 744 ||| UPGRADING to +0 helmet.
   749 | D:1      | 749 ||| UPGRADING to +0 chain mail.
   759 | D:1      | 759 ||| DROPPING +0 scale mail.
   760 | D:1      | 760 ||| READING scroll labelled WUEG XEGECRINK.
   761 | D:1      | 761 ||| READING scroll labelled WALLICLIGE.
   765 | D:1      | 765 ||| DRINKING 2 inky potions.
   812 | D:2      | 812 ||| Stepping ~*~*~tactically~*~*~ (hiding).
   823 | D:2      | 823 ||| Stepping ~*~*~tactically~*~*~ (hiding).
   829 | D:2      | Reached XP level 3. HP: 23/23 MP: 3/3
  1095 | D:2      | 1095 ||| Stepping ~*~*~tactically~*~*~ (stealth).
  1096 | D:2      | 1096 ||| Stepping ~*~*~tactically~*~*~ (stealth).
  1190 | D:2      | Noticed Jessica
  1191 | D:2      | 1191 ||| Stepping ~*~*~tactically~*~*~ (hiding).
  1193 | D:2      | 1193 ||| Stepping ~*~*~tactically~*~*~ (hiding).
  1197 | D:2      | 1197 ||| Stepping ~*~*~tactically~*~*~ (hiding).
  1200 | D:2      | 1200 ||| Stepping ~*~*~tactically~*~*~ (hiding).
  1201 | D:2      | 1201 ||| Stepping ~*~*~tactically~*~*~ (hiding).
  1202 | D:2      | 1202 ||| Stepping ~*~*~tactically~*~*~ (hiding).
  1203 | D:2      | 1203 ||| Stepping ~*~*~tactically~*~*~ (hiding).
  1207 | D:2      | Killed Jessica
  1208 | D:2      | Reached skill level 4 in Axes
  1208 | D:2      | Reached XP level 4. HP: 24/28 MP: 4/4
  1321 | D:2      | Found a runed translucent door.
  1322 | D:2      | Noticed Crazy Yiuf
  1339 | D:2      | 1339 ||| Stepping ~*~*~tactically~*~*~ (hiding).
  1695 | D:2      | 1695 ||| UPGRADING to +4 ring of slaying {mikee}.
  1696 | D:2      | 1696 ||| UPGRADING to +4 ring of protection.
  1697 | D:2      | 1697 ||| READING scroll labelled DAUGUNEXOW.
  1824 | D:3      | 1824 ||| DROPPING +0 club.
  2025 | D:3      | 2025 ||| Stepping ~*~*~tactically~*~*~ (stealth).
  2078 | D:3      | Found a radiant altar of Vehumet.
  2145 | D:3      | 2145 ||| Stepping ~*~*~tactically~*~*~ (stealth).
  2150 | D:3      | Reached XP level 5. HP: 32/32 MP: 5/5
  2241 | D:3      | Found Beeza's Distillery.
  2250 | D:3      | 2250 ||| BUYING potion of curing (42 gold).
  2250 | D:3      | Bought a potion of curing for 42 gold pieces
  2250 | D:3      | 2250 ||| BUYING potion of curing (42 gold).
  2250 | D:3      | Bought a potion of curing for 42 gold pieces
  2250 | D:3      | 2250 ||| BUYING potion of curing (42 gold).
  2250 | D:3      | Bought a potion of curing for 42 gold pieces
  2250 | D:3      | 2250 ||| SHOPLISTING potion of lignification (42 gold, have
                  | 4).
  2250 | D:3      | 2250 ||| SHOPLISTING potion of resistance (140 gold, have
                  | 4).
  2396 | D:3      | 2396 ||| READING scroll labelled YXAJOO RUFIXEWUHE.
  2397 | D:3      | 2397 ||| READING scroll labelled SEADOI XIMN.
  2398 | D:3      | 2398 ||| READING scroll labelled GEITYT UC ZIGI.
  2399 | D:3      | 2399 ||| READING scroll labelled SOIDETALOK.
  2465 | D:4      | 2465 ||| DRINKING 5 potions of curing.
  2465 | D:4      | 2465 ||| (to cure confusion)
  2467 | D:4      | Reached skill level 5 in Axes
  2467 | D:4      | 2467 ||| FLEEEEING.
  2468 | D:4      | 2468 ||| FLEEEEING.
  2469 | D:4      | 2469 ||| FLEEEEING.
  2470 | D:4      | 2470 ||| FLEEEEING.
  2472 | D:4      | 2472 ||| FLEEEEING.
  2473 | D:4      | 2473 ||| FLEEEEING.
  2479 | D:4      | 2479 ||| FLEEEEING.
  2480 | D:4      | 2480 ||| FLEEEEING.
  2481 | D:4      | 2481 ||| FLEEEEING.
  2482 | D:4      | 2482 ||| FLEEEEING.
  2483 | D:4      | 2483 ||| FLEEEEING.
  2568 | D:4      | 2568 ||| Invisibility monster not found???
  2706 | D:4      | 2706 ||| Stepping ~*~*~tactically~*~*~ (stealth).
  2707 | D:4      | 2707 ||| Stepping ~*~*~tactically~*~*~ (stealth).
  2760 | D:4      | 2760 ||| Stepping ~*~*~tactically~*~*~ (stealth).
  2769 | D:4      | Reached XP level 6. HP: 33/38 MP: 6/6
  2793 | D:4      | 2793 ||| Stepping ~*~*~tactically~*~*~ (stealth).
  2795 | D:4      | 2795 ||| Stepping ~*~*~tactically~*~*~ (stealth).
  2798 | D:4      | 2798 ||| Stepping ~*~*~tactically~*~*~ (stealth).
  2817 | D:4      | 2817 ||| Stepping ~*~*~tactically~*~*~ (stealth).
  2860 | D:4      | Noticed Robin
  2868 | D:4      | Killed Robin
  2906 | D:4      | 2906 ||| READING scroll of enchant weapon.
  2906 | D:4      | 2906 ||| ENCHANTING +1 war axe.
  2925 | D:4      | Noticed a +0 spear
  2926 | D:4      | Noticed a +0 short sword
  2926 | D:4      | Noticed a +0 dagger
  2926 | D:4      | Noticed a +0 dagger
  2927 | D:4      | Noticed a +0 falchion
  2927 | D:4      | Noticed a +0 spear
  2928 | D:4      | Noticed a +0 falchion
  2929 | D:4      | Noticed a +0 short sword
  2931 | D:4      | 2931 ||| READING 2 scrolls of identify.
  2931 | D:4      | 2931 ||| IDENTIFYING purple potion
  2941 | D:4      | Found a hide-covered altar of Uskayaw.
  3063 | D:4      | Reached skill level 6 in Axes
  3211 | D:4      | Reached skill level 1 in Dodging
  3211 | D:4      | Reached XP level 7. HP: 40/43 MP: 7/7
  3381 | D:4      | 3381 ||| Stepping ~*~*~tactically~*~*~ (hiding).
  3499 | D:4      | 3499 ||| DRINKING 2 viscous yellow potions.
  3500 | D:4      | 3500 ||| READING 3 scrolls of identify.
  3500 | D:4      | 3500 ||| IDENTIFYING green potion
  3501 | D:4      | 3501 ||| READING 2 scrolls of identify.
  3501 | D:4      | 3501 ||| IDENTIFYING brown potion
  3502 | D:4      | 3502 ||| DROPPING potion of brilliance.
  3527 | D:5      | Entered Level 5 of the Dungeon
  3531 | D:5      | 3531 ||| Stepping ~*~*~tactically~*~*~ (hiding).
  3532 | D:5      | 3532 ||| Stepping ~*~*~tactically~*~*~ (hiding).
  3931 | D:5      | Reached skill level 7 in Axes
  4159 | D:5      | Found Huaffy's General Store.
  4164 | D:5      | 4164 ||| BUYING potion of attraction (45 gold).
  4164 | D:5      | Bought a potion of attraction for 45 gold pieces
  4164 | D:5      | 4164 ||| SHOPLISTING potion of enlightenment (75 gold, have
                  | 70).
  4164 | D:5      | 4164 ||| SHOPLISTING ring of protection from fire (375
                  | gold, have 70).
  4164 | D:5      | 4164 ||| SHOPLISTING scroll of acquirement (780 gold, have
                  | 70).
  4422 | D:5      | 4422 ||| Stepping ~*~*~tactically~*~*~ (stealth).
  4459 | D:5      | 4459 ||| UPGRADING to +0 pair of boots.
  4464 | D:5      | 4464 ||| DROPPING ring of see invisible.
  4465 | D:5      | 4465 ||| READING scroll labelled ROBUXO QOLOANNA.
  4530 | D:6      | Reached skill level 1 in Throwing
  4530 | D:6      | Reached XP level 8. HP: 49/49 MP: 8/8
  4876 | D:6      | Noticed a hornet
  4884 | D:6      | Killed a hornet
  4885 | D:6      | Reached skill level 8 in Axes
  5322 | D:6      | 5322 ||| READING scroll labelled BANKAFI ATOTZ.
  5323 | D:6      | 5323 ||| DRINKING 2 bubbling coppery potions.
  5347 | D:7      | 5347 ||| Stepping ~*~*~tactically~*~*~ (stealth).
  5348 | D:7      | 5348 ||| Stepping ~*~*~tactically~*~*~ (stealth).
  5430 | D:7      | Reached skill level 6 in Fighting
  5588 | D:7      | Reached XP level 9. HP: 55/55 MP: 9/9
  5595 | D:7      | 5595 ||| Stepping ~*~*~tactically~*~*~ (stealth).
  5606 | D:7      | Reached skill level 9 in Axes
  5606 | D:7      | 5606 ||| FLEEEEING.
  5607 | D:7      | 5607 ||| FLEEEEING.
  5608 | D:7      | 5608 ||| FLEEEEING.
  5609 | D:7      | 5609 ||| FLEEEEING.
  5610 | D:7      | 5610 ||| FLEEEEING.
  5611 | D:7      | 5611 ||| STAIRDANCE
  5715 | D:7      | Noticed a troll
  5719 | D:7      | Killed a troll
  5764 | D:7      | 5764 ||| Stepping ~*~*~tactically~*~*~ (stealth).
  5768 | D:7      | 5768 ||| Stepping ~*~*~tactically~*~*~ (stealth).
  5768 | D:7      | Noticed a cyclops
  5769 | D:7      | 5769 ||| Stepping ~*~*~tactically~*~*~ (stealth).
  5775 | D:7      | HP: 4/57 [cyclops (23)]
  5776 | D:7      | 5776 ||| READING 2 scrolls of teleportation.
  5777 | D:7      | 5777 ||| DRINKING potion of heal wounds.
  5785 | D:7      | 5785 ||| FLEEEEING.
  5796 | D:7      | 5796 ||| FLEEEEING.
  5799 | D:7      | 5799 ||| STAIRDANCE
  5908 | D:6      | 5908 ||| UPGRADING to +0 plate armour.
  5918 | D:6      | 5918 ||| DROPPING +0 chain mail.
  5988 | D:7      | Found a staircase to the Ecumenical Temple.
  5989 | D:7      | 5989 ||| PLANNING TEMPLE
  5989 | D:7      | 5989 ||| READING scroll labelled KANOPE DIQAESK.
  5994 | Temple   | Entered the Ecumenical Temple
  6060 | Temple   | 6060 ||| PLANNING OKAWARU WORSHIP
  6162 | Temple   | Became a worshipper of Warmaster Okawaru
  6163 | Temple   | 6163 ||| PLANNING D:1-11
  6331 | D:7      | 6331 ||| Stepping ~*~*~tactically~*~*~ (stealth).
  6332 | D:7      | 6332 ||| Stepping ~*~*~tactically~*~*~ (stealth).
  6333 | D:7      | 6333 ||| Stepping ~*~*~tactically~*~*~ (stealth).
  6360 | D:7      | 6360 ||| Stepping ~*~*~tactically~*~*~ (stealth).
  6370 | D:7      | Killed a cyclops
  6371 | D:7      | Reached skill level 6 in Armour
  6560 | D:7      | Reached * piety under Okawaru
  6658 | D:7      | Reached skill level 1 in Invocations
  6672 | D:7      | Reached XP level 10. HP: 63/63 MP: 11/11
  6737 | D:7      | Found a runed translucent door.
  6741 | D:7      | Found a basalt altar of Yredelemnul.
  6946 | D:8      | 6946 ||| Stepping ~*~*~tactically~*~*~ (hiding).
  7105 | D:8      | Reached skill level 3 in Invocations
  7256 | D:8      | Found a shadowy altar of Dithmenos.
  7299 | D:8      | 7299 ||| READING scroll of enchant weapon.
  7299 | D:8      | 7299 ||| ENCHANTING +2 war axe.
  7434 | D:8      | Found a white marble altar of Elyvilon.
  7543 | D:8      | Found a hazy altar of Hepliaklqana.
  7547 | D:8      | 7547 ||| INVOKING Heroism.
  7554 | D:8      | Reached skill level 10 in Axes
  7777 | D:8      | 7777 ||| READING scroll labelled VITUVVUOCU.
  7897 | D:9      | 7897 ||| Stepping ~*~*~tactically~*~*~ (stealth).
  7898 | D:9      | 7898 ||| Stepping ~*~*~tactically~*~*~ (stealth).
  7930 | D:9      | 7930 ||| Stepping ~*~*~tactically~*~*~ (stealth).
  7934 | D:9      | 7934 ||| Stepping ~*~*~tactically~*~*~ (hiding).
  7935 | D:9      | 7935 ||| Stepping ~*~*~tactically~*~*~ (hiding).
  7936 | D:9      | 7936 ||| Stepping ~*~*~tactically~*~*~ (hiding).
  8011 | D:9      | 8011 ||| SWAPPING to +4 war axe.
  8012 | D:9      | 8012 ||| DROPPING +3 war axe.
  8013 | D:9      | Found an ancient bone altar of Kikubaaqudgha.
  8138 | D:9      | 8138 ||| Stepping ~*~*~tactically~*~*~ (stealth).
  8148 | D:9      | 8148 ||| Stepping ~*~*~tactically~*~*~ (stealth).
  8150 | D:9      | 8150 ||| Stepping ~*~*~tactically~*~*~ (hiding).
  8168 | D:9      | 8168 ||| INVOKING Heroism.
  8190 | D:9      | 8190 ||| Stepping ~*~*~tactically~*~*~ (stealth).
  8192 | D:9      | 8192 ||| Stepping ~*~*~tactically~*~*~ (hiding).
  8193 | D:9      | 8193 ||| Stepping ~*~*~tactically~*~*~ (hiding).
  8194 | D:9      | 8194 ||| INVOKING Heroism.
  8298 | D:9      | Found a glowing golden altar of the Shining One.
  8384 | D:9      | Reached ** piety under Okawaru
  8640 | D:9      | 8640 ||| UPGRADING to +1 plate armour of cold resistance.
  8650 | D:9      | 8650 ||| DROPPING +0 plate armour.
  8651 | D:9      | 8651 ||| READING scroll labelled YHUSCH OCAGIURY.
  8752 | D:9      | 8752 ||| DRINKING 2 fuming puce potions.
  8753 | D:9      | 8753 ||| READING 2 scrolls of identify.
  8753 | D:9      | 8753 ||| IDENTIFYING fuming brown potion
  8754 | D:9      | 8754 ||| DROPPING potion of invisibility.
  8779 | D:10     | Entered Level 10 of the Dungeon
  8854 | D:10     | Noticed a gargoyle
  8858 | D:10     | 8858 ||| INVOKING Heroism.
  8858 | D:10     | HP: 10/64 [gargoyle/stone arrow (32)]
  8859 | D:10     | 8859 ||| READING 2 scrolls of teleportation.
  8889 | D:10     | 8889 ||| INVOKING Heroism.
  8890 | D:10     | HP: 15/64 [gargoyle/+0 flail (4)]
  8891 | D:10     | 8891 ||| READING scroll of teleportation.
  8893 | D:10     | HP: 2/64 [gargoyle/stone arrow (14)]
  9099 | D:10     | 9099 ||| Stepping ~*~*~tactically~*~*~ (stealth).
  9101 | D:10     | 9101 ||| Stepping ~*~*~tactically~*~*~ (stealth).
  9102 | D:10     | 9102 ||| Stepping ~*~*~tactically~*~*~ (stealth).
  9110 | D:10     | Killed a gargoyle
  9166 | D:10     | Found a stormy altar of Qazlal.
  9227 | D:10     | Found a snail-covered altar of Cheibriados.
  9252 | D:10     | 9252 ||| INVOKING Heroism.
  9383 | D:10     | Found a shimmering altar of Xom.
  9412 | D:10     | Noticed a gargoyle
  9413 | D:10     | Reached skill level 11 in Axes
  9413 | D:10     | 9413 ||| Stepping ~*~*~tactically~*~*~ (stealth).
  9415 | D:10     | 9415 ||| INVOKING Heroism.
  9416 | D:10     | HP: 16/64 [gargoyle/stone arrow (15)]
  9419 | D:10     | Killed a gargoyle
  9420 | D:10     | Reached XP level 11. HP: 9/69 MP: 11/14
  9777 | D:11     | 9777 ||| FLEEEEING.
  9778 | D:11     | 9778 ||| FLEEEEING.
  9780 | D:11     | 9780 ||| STAIRDANCE
  9816 | D:11     | Reached skill level 9 in Fighting
  9848 | D:11     | 9848 ||| Stepping ~*~*~tactically~*~*~ (stealth).
  9849 | D:11     | Noticed Lodul
  9854 | D:11     | 9854 ||| INVOKING Heroism.
  9865 | D:11     | Noticed Amaemon
  9873 | D:11     | HP: 13/71 [komodo dragon (6)]
  9874 | D:11     | Reached *** piety under Okawaru
  9875 | D:11     | HP: 4/71 [Lodul/+4 dire flail of protection (10)]
  9876 | D:11     | Slain by a vampire

Levels and vault maps discovered:
D:1:      scummos_arrival_simple_crosswalls, layout_rooms,
          ebering_ecumenical_altar_abandoned, serial_shops,
          nicolae_shop_tiny_statue_garden, grunt_decor_mini_mirrors
D:2:      layout_loops_cross, uniq_crazy_yiuf_cottage, uniq_jessica
D:3:      minmay_evil_eye, layout_basic, nicolae_overflow_crystal_walls,
          serial_shops, nicolae_shop_rolling_square, roderic_roman_lattice
D:4:      mumra_celtic_spiral_tile, layout_cave_pools,
          nicolae_uskayaw_en_pointe, minmay_hedge_maze, uniq_robin
D:5:      kb_forest_paths, layout_basic, serial_shops, shop, nicolae_titane
D:6:      layout_basic, st_stairs_6
D:7:      minmay_chambers_of_sixes, layout_loops_cross, dk_yredelemnul_ordeal,
          temple_doors_e, minmay_nine_imps
D:8:      layout_loops_ring, marbit_many_paths, lemuel_doored_altar,
          nicolae_dithmenos_through_a_glass_darkly
D:9:      layout_basic, mainiacjoe_overflow_brackets, tso_metal_star
D:10:     layout_cave_pools, cheibriados_altar_1, general_overflow_altar,
          grunt_qazlal_clouds, kennysheep_generic_room_3
D:11:     layout_cave_pools, due_lair_maze_entry_diamond, orc_0_dummy,
          kennysheep_cross_bottleneck, uniq_lodul, uniq_amaemon, uniq_harold,
          uniq_nergalle
Temple:   nicolae_temple_bog_church

Skill      XL: |  1  2  3  4  5  6  7  8  9 10 11 |
---------------+----------------------------------+-----
Axes           | 2 3 4 5 6 7 8 9 11 | 11.6
Fighting       | 4 5 6 7 8 9 |  9.0
Dodging        | 1 |  1.3
Throwing       | 1 |  1.8
Armour         | 4 6 7 8 |  8.1
Shields        | 4 5 |  5.1
Invocations    | 2 4 |  4.0

Action                     |  1- 3 |  4- 6 |  7- 9 | 10-12 || total
---------------------------+-------+-------+-------+-------++-------
  Melee: War axe           |   100 |   116 |   200 |   143 ||   559
  Throw: Boomerang         |       |       |    58 |    45 ||   103
 Invoke: Heroism           |       |       |       |     8 ||     8
    Use: Scroll            |     2 |     7 |     6 |     6 ||    21
         Potion            |     1 |     1 |     3 |     1 ||     6
 Armour: Scale mail        |    37 |       |       |       ||    37
         Chain mail        |    30 |    63 |    90 |       ||   183
         Plate armour      |       |       |    22 |   107 ||   129
  Dodge: Dodged            |    43 |    26 |    90 |    36 ||   195
  Block: Buckler           |    13 |    14 |    35 |    34 ||    96

Table legend:
 A = Non-vault XP
 B = Vault XP
 C = Vault XP percentage of total XP
 D = Non-vault monster count
 E = Vault monster count
 F = Vault count percentage of total count
                 A         B        C        D         E       F
            +---------+---------+-------+---------+---------+-------
      Total |    7067 |    4739 |  40.1 |     168 |      59 |  26.0
            +---------+---------+-------+---------+---------+-------
        D:1 |      32 |       0 |   0.0 |      23 |       0 |   0.0
        D:2 |      61 |      37 |  37.8 |      18 |       1 |   5.3
        D:3 |      39 |      36 |  48.0 |      13 |       7 |  35.0
        D:4 |     445 |      36 |   7.5 |      19 |      12 |  38.7
        D:5 |     301 |     154 |  33.8 |      17 |       6 |  26.1
        D:6 |     794 |      97 |  10.9 |       9 |       1 |  10.0
        D:7 |    1041 |    1644 |  61.2 |      28 |      17 |  37.8
        D:8 |     602 |     312 |  34.1 |       9 |       1 |  10.0
        D:9 |    1689 |       0 |   0.0 |      23 |       0 |   0.0
       D:10 |    1507 |     406 |  21.2 |       6 |       1 |  14.3
       D:11 |     556 |    2017 |  78.4 |       3 |      13 |  81.2
            +---------+---------+-------+---------+---------+-------
